 Dungeon Crawl Stone Soup version 0.19-a0-1111-gcceb26a (webtiles) character file.

3027 Gagarin the Archer (level 9, -2/72 HPs)
             Began as a Centaur Hunter on Aug 11, 2016.
             Was an Elder of Okawaru.
             Slain by Erica
             ... wielding a +3 scimitar of flaming
              (5 damage)
             ... on level 8 of the Dungeon.
             The game lasted 00:25:54 (8825 turns).

Gagarin the Archer (Centaur Hunter)                 Turns: 8825, Time: 00:25:54

Health: -2/72      AC: 11    Str: 15    XL:     9   Next: 55%
Magic:  9/9        EV: 10    Int: 10    God:    Okawaru [****..]
Gold:   479        SH:  0    Dex: 13    Spells: 1 memorised, 6 levels left

rFire  . . .     SeeInvis .     R - +1 shortbow (velocity)
rCold  + . .     Gourm    +     M - +4 ring mail "Ynyafaig" {rElec Regen+ rCorr Stlth-}
rNeg   . . .     Faith    .     (shield currently unavailable)
rPois  .         Spirit   .     E - +0 helmet
rElec  +         Dismiss  .     (no cloak)
rCorr  +         Reflect  .     (no gloves)
SustAt .         Harm     .     (no barding)
MR     .....                    K - amulet of the gourmand
Stlth  ..........               F - ring of protection from cold
                                p - ring of stealth

@: hasted and slowed, very quick
A: hooves 3, deformed body, speed 2, tough skin 3
a: Heroism, Renounce Religion


You were on level 8 of the Dungeon.
You worshipped Okawaru.
Okawaru was greatly pleased with you.
You were completely stuffed.

You visited 1 branch of the dungeon, and saw 8 of its levels.

You collected 479 gold pieces.

Inventory:

Hand Weapons
 j - a +0 halberd
 z - a +0 trident
 R - a +1 shortbow of velocity (weapon)
Missiles
 d - 120 arrows (quivered)
Armour
 c - a +0 leather armour
 E - a +0 helmet (worn)
 L - a +1 robe of magic resistance
 M - the +4 ring mail "Ynyafaig" (worn) {rElec Regen+ rCorr Stlth-}
   (You found it on level 6 of the Dungeon)

   It insulates you from electricity.
   It increases your rate of regeneration.
   It protects you from acid and corrosion.
   It makes you less stealthy.
 N - a +2 robe of the Archmagi
Jewellery
 p - a ring of stealth (left hand)
 F - a ring of protection from cold (right hand)
 K - an amulet of the gourmand (around neck)
 Q - a +5 amulet of reflection {unknown}
Wands
 b - a wand of iceblast (9/15)
 y - a wand of acid (11/15)
 D - a wand of disintegration (6/24)
 O - a wand of lightning (7/15)
 P - a wand of flame (19/48)
Scrolls
 e - 3 scrolls of fog {unknown}
 h - 3 scrolls of fear {unknown}
 l - a scroll of acquirement {unknown}
 m - 8 scrolls of identify
 q - 5 scrolls of remove curse {unknown}
 t - 2 scrolls of magic mapping {unknown}
 u - 3 scrolls of blinking {unknown}
 v - 4 scrolls of teleportation {unknown}
 B - 4 scrolls of enchant armour {unknown}
 G - a scroll of recharging {unknown}
 J - a scroll of amnesia {unknown}
Potions
 g - 2 potions of haste
 i - a potion of beneficial mutation {unknown}
 n - 2 potions of flight
 r - a potion of resistance {unknown}
 s - 3 potions of invisibility
 x - 3 potions of might {unknown}
 I - a potion of curing
Books
 a - a book of Flames

   Spells                             Type                      Level
   a - Flame Tongue                   Conjuration/Fire             1
   b - Throw Flame                    Conjuration/Fire             2
   c - Conjure Flame                  Conjuration/Fire             3
   d - Inner Flame                    Hexes/Fire                   3
   e - Sticky Flame                   Conjuration/Fire             4
   f - Fireball                       Conjuration/Fire             5
 A - a Grand Grimoire

   Spells                             Type                      Level
   a - Monstrous Menagerie            Summoning                    7
   b - Summon Greater Demon           Summoning                    7
   c - Malign Gateway                 Summoning/Translocation      7
   d - Summon Horrible Things         Summoning                    8
Comestibles
 f - 5 bread rations
 k - 5 meat rations
 o - 3 slices of pizza
 w - 8 chunks of flesh
 C - 15 fruits
 H - a royal jelly


   Skills:
 + Level 4.5 Fighting
 + Level 2.9 Polearms
 + Level 12.9 Bows
 + Level 3.3 Armour
 + Level 4.0 Dodging
 + Level 0.8 Stealth
 * Level 0.5 Spellcasting
 * Level 1.7 Conjurations
 * Level 1.5 Fire Magic


You had 6 spell levels left.
You knew the following spells:

 Your Spells              Type           Power        Failure   Level  Hunger
a - Conjure Flame         Conj/Fire      #.......     93%         3    ####...


Dungeon Overview and Level Annotations

Branches:
Dungeon (8/15)             Temple (0/1) D:7
   Lair: D:8-11

Altars:
Cheibriados
Dithmenos
Elyvilon
Fedhas
Gozag
Hepliaklqana
Kikubaaqudgha
Okawaru
Qazlal
Vehumet

Annotations:
D:8 Erica


Innate Abilities, Weirdness & Mutations

You have hooves in place of feet.
Armour fits poorly on your strangely shaped body.
You cover ground very quickly.
You have extremely tough skin. (AC +3)


Message History

Erica says, "Fast and perfect.
Such is my way of killing."
Erica casts a spell at you. The orb of energy hits you!
Erica mumbles some strange words.
Erica flickers and vanishes!
Deactivating autopickup; reactivate with Ctrl-A.
You hear some strange, mumbled words.
A bolt of poison appears from out of thin air!
The bolt of poison hits you!
You are poisoned.
* * * LOW HITPOINT WARNING * * *
* * * LOW HITPOINT WARNING * * *
You feel sick.
You feel better.
Some of the chunks of flesh in your inventory have rotted away.
Okay, then.
You feel yourself speed up. Something hits you!
* * * LOW HITPOINT WARNING * * *
Something burns you.
You die...

#............# #........#
#'###############+#........#
#..##..##.........)....###..
#..'....#........).....#....
#..#....#..............#....
#..#....#..............#....
#..#....#..............+....
#..#....+..............#....
#..####'#..@...........#####
#..###.....#############
#....(.....# #....#(....#
#....#(....# #...
#.(...###### #...
#..........# #..
#%.........# #..
#.(..[.....#


There were no monsters in sight!

Vanquished Creatures
  Pikel (D:6)
  Prince Ribbit (D:6)
  Eustachio (D:6)
  Menkaure (D:6)
  3 orc warriors
  2 phantoms (D:7)
  A black bear (D:5)
  3 centaurs
  A crocodile (D:7)
  A big kobold (D:7)
  2 giant frogs (D:6)
  3 scorpions
  A water moccasin skeleton (D:5)
  A crimson imp (D:3)
  2 centaur zombies
  3 hounds
  5 orc priests
  A jelly (D:5)
  4 orc wizards
  A giant frog skeleton (D:6)
  Jessica (D:2)
  Ijyb (D:2)
  2 iguanas (D:7)
  2 worker ants
  A hound skeleton (D:6)
  A worker ant zombie (D:8)
  A gnoll (D:1)
  6 adders
  3 shadow imps
  2 worms
  2 dart slugs (D:1)
  6 giant geckos
  28 orcs
  3 ball pythons
  3 bat zombies (D:3)
  8 giant cockroaches
  7 hobgoblins
  2 jackals (D:3)
  4 quokkas
  10 bats
  2 giant gecko skeletons (D:6)
  4 giant newts
  7 goblins
  A jackal skeleton (D:5)
  16 kobolds
  6 rats
  2 rat zombies (D:3)
169 creatures vanquished.

Vanquished Creatures (others)
  A slave (D:6)
  A worker ant (D:6)
2 creatures vanquished.

Grand Total: 171 creatures vanquished

Notes
Turn   | Place    | Note
-------+----------+-------------------------------------------
     0 | D:1      | Gagarin the Centaur Hunter began the quest for the Orb.
     0 | D:1      | Reached XP level 1. HP: 17/17 MP: 1/1
   251 | D:1      | Reached XP level 2. HP: 24/24 MP: 2/2
   346 | D:1      | Reached skill level 6 in Bows
   393 | D:1      | Reached XP level 3. HP: 18/29 MP: 3/3
   844 | D:2      | Found a snail-covered altar of Cheibriados.
   986 | D:2      | Found an iron altar of Okawaru.
   986 | D:2      | Noticed Jessica
   995 | D:2      | Killed Jessica
  1018 | D:2      | Became a worshipper of Warmaster Okawaru
  1043 | D:2      | Reached XP level 4. HP: 27/36 MP: 4/4
  1114 | D:2      | Reached skill level 1 in Armour
  1525 | D:2      | Found a radiant altar of Vehumet.
  1700 | D:2      | Noticed Ijyb
  1719 | D:2      | Killed Ijyb
  1719 | D:2      | Reached skill level 7 in Bows
  2399 | D:2      | Reached XP level 5. HP: 20/42 MP: 5/5
  3541 | D:3      | Reached XP level 6. HP: 42/50 MP: 6/6
  3554 | D:3      | Found an ancient bone altar of Kikubaaqudgha.
  3774 | D:4      | Reached skill level 8 in Bows
  4226 | D:4      | Reached * piety under Okawaru
  4386 | D:5      | Entered Level 5 of the Dungeon
  4707 | D:5      | Noticed a fire elemental
  4708 | D:5      | Found a stormy altar of Qazlal.
  4773 | D:5      | Reached skill level 1 in Polearms
  4968 | D:5      | Noticed an air elemental
  5296 | D:5      | Noticed a water elemental
  5316 | D:5      | Reached XP level 7. HP: 29/57 MP: 7/7
  5475 | D:5      | Found a hazy altar of Hepliaklqana.
  5514 | D:5      | Reached skill level 9 in Bows
  5782 | D:5      | Reached ** piety under Okawaru
  5880 | D:5      | Found a blossoming altar of Fedhas.
  6189 | D:6      | Noticed Menkaure
  6207 | D:6      | Killed Menkaure
  6457 | D:6      | Got a transparent ring mail
  6487 | D:6      | Reached skill level 10 in Bows
  6505 | D:6      | Reached XP level 8. HP: 49/64 MP: 8/8
  6747 | D:6      | Identified the +4 ring mail "Ynyafaig" {rElec Regen+ rCorr Stlth-} (You found it on level 6 of the Dungeon)
  6928 | D:6      | Noticed Pikel
  6971 | D:6      | Killed Pikel
  7412 | D:6      | Noticed Eustachio
  7426 | D:6      | Killed Eustachio
  7426 | D:6      | Reached skill level 11 in Bows
  7516 | D:6      | Noticed Prince Ribbit
  7601 | D:6      | Reached *** piety under Okawaru
  7712 | D:6      | Killed Prince Ribbit
  7712 | D:6      | Reached XP level 9. HP: 72/72 MP: 9/9
  7864 | D:7      | Reached skill level 12 in Bows
  7947 | D:7      | Found a staircase to the Ecumenical Temple.
  7972 | D:7      | Learned a level 3 spell: Conjure Flame
  8059 | D:7      | Found a white marble altar of Elyvilon.
  8107 | D:7      | Reached skill level 1 in Conjurations
  8107 | D:7      | Reached skill level 1 in Fire Magic
  8130 | D:7      | Reached **** piety under Okawaru
  8388 | D:7      | Found an opulent altar of Gozag.
  8441 | D:7      | Found a shadowy altar of Dithmenos.
  8552 | D:8      | Found a snail-covered altar of Cheibriados.
  8803 | D:8      | Noticed Erica
  8821 | D:8      | HP: 3/72 [poisoned by Erica (bolt of poison)]
  8825 | D:8      | Slain by Erica

Vault maps used:
D:1:      shiori_arrival_elements
D:2:      lemuel_round_altar, vehumet_crystals, kennysheep_small_spiral,
          cheibriados_altar_1, uniq_iyjb, uniq_jessica
D:3:      lemuel_zombie_altar_kikubaaqudgha
D:4:      first_bread
D:5:      fedhas_altar_fruit_tree, old_standard_altar,
          nicolae_qazlal_style_of_elements
D:6:      uniq_eustachio, uniq_prince_ribbit1, uniq_pikel, uniq_menkaure
D:7:      kennysheep_mini, grunt_dithmenos_smoke_and_mirrors, elyvilon_altar_3
D:8:      old_standard_altar, uniq_erica

Skill      XL: |  1  2  3  4  5  6  7  8  9 |
---------------+----------------------------+-----
Bows           | 6 7 8 10 11 12 | 12.9
Armour         | 1 2 3 |  3.3
Dodging        | 2 3 4 |  4.0
Fighting       | 3 4 |  4.5
Polearms       | 1 2 |  2.9
Conjurations   | 1 |  1.7
Fire Magic     | 1 |  1.5
Stealth        | |  0.8
Spellcasting   | |  0.5

Action                   |  1- 3 |  4- 6 |  7- 9 || total
-------------------------+-------+-------+-------++-------
Melee: Halberd           |    62 |   186 |       ||   248
       Kick              |     9 |    33 |    28 ||    70
       Trident           |       |    26 |   129 ||   155
 Fire: Shortbow          |    46 |   169 |   314 ||   529
  Use: Potion            |       |     2 |    11 ||    13
       Scroll            |       |       |     1 ||     1
  Eat: Chunk             |       |    10 |    20 ||    30
       Beef jerky        |       |     1 |       ||     1
Armor: Leather armour    |    46 |   103 |    10 ||   159
       Skin              |       |     5 |    27 ||    32
       Robe              |       |       |     7 ||     7
       Ring mail         |       |       |    58 ||    58
Dodge: Dodged            |    38 |   167 |    78 ||   283
